 Dungeon Crawl Stone Soup version 0.28-a0-1159-g27aa881441 (webtiles) character file.

Game seed: 711883639104077125

142 SensoryNuts the Skirmisher (level 5, 0/42 HPs)
             Began as a Demonspawn Fighter on Dec 15, 2021.
             Killed from afar by Ijyb (2 damage)
             ... with a puff of flame
             ... on level 4 of the Dungeon.
             The game lasted 00:05:04 (3520 turns).

SensoryNuts the Skirmisher (Demonspawn Fighter)     Turns: 3520, Time: 00:05:05

Health: 0/42       AC:  6    Str: 19    XL:     5   Next: 4%
Magic:  5/5        EV:  9    Int:  9    God:
Gold:   129        SH:  4    Dex: 12    Spells: 4/4 levels left

rFire   + . .      SeeInvis .   a - +0 trident
rCold   . . .      Faith    .   c - +0 buckler
rNeg    . . .      Spirit   .   b - +0 scale mail
rPois   .          Reflect  .   (no helmet)
rElec   .          Harm     .   (no cloak)
rCorr   .          Rampage  .   (no gloves)
Will    +....                   (no boots)
Stlth   ..........              (no amulet)
HPRegen 0.14/turn               m - ring of willpower
MPRegen 0.09/turn               i - ring of protection from fire

@: no status effects
A: weakness stinger 1
a: no special abilities


You were on level 4 of the Dungeon.
You visited 1 branch of the dungeon, and saw 4 of its levels.

You collected 129 gold pieces.

Inventory:

Hand Weapons
 a - a +0 trident (weapon)
Armour
 b - a +0 scale mail (worn)
 c - a +0 buckler (worn)
Jewellery
 h - a ring of positive energy
 i - a ring of protection from fire (right hand)
 m - a ring of willpower (left hand)
 n - a ring of fire
Scrolls
 e - a scroll of magic mapping
 g - a scroll of fear
 j - a scroll of amnesia
 k - a scroll of silence
 l - a scroll of blinking
 o - a scroll of immolation {unknown}
 p - a scroll of teleportation {unknown}
Potions
 d - a potion of brilliance
 f - 2 potions of curing


   Skills:
 + Level 3.6 Fighting
 + Level 3.1 Polearms
 + Level 3.4 Armour
 + Level 0.3 Dodging
 + Level 0.3 Stealth
 + Level 3.2 Shields


You had 4 spell levels left.
You didn't know any spells.
Your spell library contained the following spells:

 Spells                   Type           Power      Damage    Failure   Level
 Magic Dart               Conj           0%         1d3       78%         1
 Slow                     Hex            0%         N/A       78%         1
 Call Imp                 Summ           0%         N/A       89%         2
 Passwall                 Tmut/Erth      0%         N/A       89%         2
 Confusing Touch          Hex            0%         N/A       98%         3
 Mephitic Cloud           Conj/Pois/Air  0%         N/A       98%         3
 Swiftness                Air            0%         N/A       98%         3
 Yara's Violent Unravell  Hex/Tmut       0%         3d3       100%        5


Dungeon Overview and Level Annotations

Branches:
Dungeon (4/15)
 Temple: D:4-7

Altars:

Shops:
D:2 (   D:4 *

Annotations:
D:4 Ijyb


Innate Abilities, Weirdness & Mutations

You have a small tail.


Message History

You barely miss the orc.
The orc is heavily wounded.
Ijyb grins evilly.
You block the orc's attack.
You hit the orc but do no damage.
The orc is heavily wounded.
The orc hits you but does no damage.
Ijyb screams, "You nasty!
Big nasty!"
You closely miss the orc.
The orc is heavily wounded.
The orc hits you with a +0 hand axe. The orc barely misses you.
You closely miss the orc.
Your tail-slap misses the orc.
The orc is heavily wounded.
The orc closely misses you.
Unknown command.
You hit the orc.
You kill the orc!
Ijyb zaps a wand.
The puff of flame hits something.
Something hits you.
You closely miss something. Something hits you but does no damage.
Unknown command.
You miss something. Something hits you.
You barely miss something.
Ijyb screams, "Get away!"
Something hits you.
Ijyb zaps a wand.
The puff of flame hits something.
Unknown command.
You hit something but do no damage.
You hear some strange, mumbled words.
A puff of flame appears from out of thin air!
The puff of flame hits you. You resist.
* * * LOW HITPOINT WARNING * * *
You miss something. You tail-slap something.
Reactivating autopickup.
You feel a bit more experienced.
You barely miss the orc. The orc closely misses you.
The orc hits you from afar with a +0 trident!
* * * LOW HITPOINT WARNING * * *
You puncture the orc!
You kill the orc!
Ijyb zaps a wand.
The puff of flame hits you. You resist.
You die...

...... ......
#...... .......
....[.. #######
.......
#.....##o......
###.###.@)go.....
##...#
#####......
#..#..# .....
#.##..... ####
###.##.......
###...##.##.....
###...####.#
#.... #....## #.#
.#.. #.888# #.#
#..


You could see Ijyb and 2 orcs.

Vanquished Creatures
  An orc wizard (D:4)
  A hound zombie (D:3)
  4 adders
  A howler monkey skeleton (D:4)
  2 adder skeletons (D:4)
  A worm (D:2)
  2 dart slugs
  2 orcs (D:4)
  5 ball pythons
  10 bats
  6 endoplasms
  5 giant cockroaches
  2 goblins
  6 hobgoblins
  6 kobolds
  5 quokkas
  3 frilled lizards
  5 rats
67 creatures vanquished.

Notes
Turn   | Place    | Note
-------+----------+-------------------------------------------
     0 | D:1      | SensoryNuts the Demonspawn Fighter began the quest for the
                  | Orb.
     0 | D:1      | Reached XP level 1. HP: 18/18 MP: 1/1
   152 | D:1      | Gained mutation: You have a small tail. [demonic ancestry]
   152 | D:1      | Reached XP level 2. HP: 24/24 MP: 2/2
   350 | D:1      | Found a faded altar of an unknown god.
  1479 | D:2      | Found Ohism's Antique Weapon Shop.
  1639 | D:2      | Reached XP level 3. HP: 29/29 MP: 3/3
  2427 | D:3      | Reached XP level 4. HP: 30/35 MP: 4/4
  3311 | D:4      | Found Ocusuywuy's Gadget Gallery.
  3495 | D:4      | Noticed Ijyb
  3506 | D:4      | Reached XP level 5. HP: 25/42 MP: 5/5
  3519 | D:4      | HP: 2/42 [orc (7)]
  3520 | D:4      | Killed from afar by Ijyb

Illustrated notes

Levels and vault maps discovered:
D:1:      nagdon_arrival_zigzag_paths, layout_basic,
          chequers_ecumenical_altar_twisty
D:2:      layout_basic, serial_shops, shop_fountains
D:3:      layout_rooms, kennysheep_generic_room_2
D:4:      layout_rooms, small_statue_alley_b, nicolae_shop_gadgets, uniq_ijyb

Skill      XL: |  1  2  3  4 |
---------------+-------------+-----
Shields        | 3 |  3.2
Armour         | 3 |  3.4
Polearms       | 2 3 |  3.1
Fighting       | |  3.6
Dodging        | |  0.3
Stealth        | |  0.3

Action                   |  1- 3 |  4- 6 || total
-------------------------+-------+-------++-------
Melee: Trident           |   121 |    94 ||   215
       Tailslap          |    11 |     8 ||    19
  Use: Scroll            |     4 |     3 ||     7
       Potion            |     5 |       ||     5
 Stab: Distracted        |     1 |       ||     1
Armor: Scale mail        |    64 |    40 ||   104
Dodge: Dodged            |    54 |    36 ||    90
Block: Buckler           |    26 |    19 ||    45

Table legend: (Time is in decaauts)
 A = Elapsed time spent in this place.
 B = Non-inter-level travel time spent in this place.
 C = Inter-level travel time spent in this place.
 D = Time resting spent in this place.
 E = Time spent auto-exploring this place.
 F = Levels seen in this place.
 G = Mean time per level.
                   A        B        C        D        E       F      G
               +--------+--------+--------+--------+--------+-----+--------+
         Total |   3544 |   3427 |    117 |    637 |   2326 |   4 |  886.0 |
       Dungeon |   3544 |   3427 |    117 |    637 |   2326 |   4 |  886.0 |
               +--------+--------+--------+--------+--------+-----+--------+

Top non-repeatable levels by time:
     D:1: 1447 daAuts
     D:3: 817 daAuts
     D:2: 732 daAuts
     D:4: 547 daAuts
